 Dungeon Crawl Stone Soup version 0.28.0-53-g5a82cb258f (webtiles) character file.

Game seed: 2662556466105731355

1368 raph the Carver (level 8, -1/69 HPs)
             Began as a Minotaur Monk on July 4, 2022.
             Was a Priest of Makhleb.
             Slain by an ogre
             ... wielding a +0 giant spiked club
              (21 damage)
             ... on level 6 of the Dungeon.
             The game lasted 00:11:19 (8415 turns).

raph the Carver (Minotaur Monk)                     Turns: 8415, Time: 00:11:19

Health: -1/69      AC: 16    Str: 17    XL:     8   Next: 38%
Magic:  9/9        EV:  6    Int:  7    God:    Makhleb [***...]
Gold:   216        SH:  0    Dex: 14    Spells: 7/7 levels left

rFire   . . .      SeeInvis .   a - +1 falchion
rCold   . . .      Faith    .   (no shield)
rNeg    + . .      Spirit   .   v - +3 plate armour
rPois   .          Reflect  .   (helmet restricted)
rElec   .          Harm     .   (no cloak)
rCorr   .          Rampage  .   z - +1 Delatra's gloves {ID++}
Will    .....                   (no boots)
Stlth   ..........              (no amulet)
HPRegen 0.21/turn               f - ring of positive energy
MPRegen 0.11/turn               (no ring)

@: no status effects
A: horns 2, retaliatory headbutt
a: Renounce Religion, Minor Destruction, Lesser Servant of Makhleb


You were on level 6 of the Dungeon.
You worshipped Makhleb.
Makhleb was most pleased with you.
You visited 1 branch of the dungeon, and saw 6 of its levels.

You collected 376 gold pieces.
You spent 160 gold pieces at shops.

Inventory:

Hand Weapons
 a - a +1 falchion (weapon)
 b - a +0 hunting sling
Missiles
 o - 142 stones (quivered)
 p - 7 sling bullets
Armour
 v - a +3 plate armour (worn)
 z - the +1 Delatra's gloves (worn) {ID++}
   (You found it on level 5 of the Dungeon)

   It heals its wearer when they drink unknown potions.
   It restores its wearer's MP when they read unknown scrolls.
Jewellery
 f - a ring of positive energy (left hand)
 g - a ring of positive energy
Wands
 q - a wand of mindburst (5)
 s - a wand of flame (5)
 u - a wand of digging (3)
 y - a wand of acid (6)
Scrolls
 h - a scroll of identify
 j - 2 scrolls of teleportation
Potions
 c - a potion of ambrosia
 d - 2 potions of lignification
 e - a potion of curing
 i - 4 potions of mutation
 l - 3 potions of flight
 m - 2 potions of brilliance
 r - 2 potions of magic {unknown}
 t - 2 potions of resistance {unknown}
 w - 2 potions of degeneration {unknown}


   Skills:
 + Level 5.5 Fighting
 * Level 9.4 Long Blades
 + Level 0.7 Slings
 + Level 4.0 Armour
 + Level 5.2 Dodging
 - Level 1.5 Stealth
 + Level 3.3 Invocations


You had 7 spell levels left.
You didn't know any spells.
Your spell library contained the following spells:

 Spells                   Type           Power      Damage    Failure   Level
 Dazzling Flash           Conj/Hex       0%         N/A       100%        3
 Gell's Gravitas          Tloc           0%         N/A       100%        3
 Teleport Other           Tloc           0%         N/A       100%        3
 Iskenderun's Mystic Bla  Conj/Tloc      0%         2d3       100%        4
 Dispersal                Tloc           0%         N/A       100%        6
 Starburst                Conj/Fire      0%         6d3       100%        6


Dungeon Overview and Level Annotations

Branches:
Dungeon (6/15)             Temple (0/1) D:5

Altars:
Makhleb
Uskayaw
Vehumet
Xom
The Shining One

Shops:
D:4 [


Innate Abilities, Weirdness & Mutations

You have a pair of horns on your head.
You reflexively headbutt those who attack you in melee.


Message History

The sling bullet hits the adder but does no damage.
You shoot a sling bullet. The sling bullet hits the adder.
The adder is moderately wounded.
The adder bites you.
You shoot a sling bullet.
The sling bullet completely misses the adder.
The sling bullet hits the ogre.
The ogre is lightly wounded.
The adder barely misses you. The adder bites you but does no damage.
You shoot a sling bullet.
The sling bullet closely misses the adder.
The sling bullet hits the ogre.
The ogre is lightly wounded.
The adder bites you but does no damage.
You shoot a sling bullet. The sling bullet hits the adder.
The adder is severely wounded.
The adder bites you but does no damage. The adder bites you.
You shoot a sling bullet. The sling bullet hits the adder.
The adder is severely wounded.
The ogre hits you with a +0 giant spiked club!
The adder bites you but does no damage.
You shoot a sling bullet.
The sling bullet closely misses the adder.
The adder bites you but does no damage.
The ogre hits you with a +0 giant spiked club.
The adder barely misses you.
You shoot a sling bullet. The sling bullet hits the adder.
The adder is almost dead.
The adder barely misses you. You furiously retaliate!
You headbutt the adder!
You kill the adder!
Makhleb accepts your kill.
You feel better.
The ogre hits you with a +0 giant spiked club!
Your Armour skill increases to level 4!
You are too injured to fight recklessly!
a - a +1 falchion (weapon)
The ogre hits you with a +0 giant spiked club!
* * * LOW HITPOINT WARNING * * *
The ogre hits you with a +0 giant spiked club!!
You die...

############
#..........#
#..........# ....
#..........#.....
#........@.#....(
###........O('(...(
.............#...##
########.....# ###
#.....# #..)..#
#....)#
#####.....###+## ..
...............#...


You could see an ogre.

Vanquished Creatures
  An orc warrior (D:5)
  A sky beast (D:4)
  A water moccasin (D:5)
  An ogre (D:5)
  2 phantoms (D:5)
  A bullfrog (D:6)
  A howler monkey (D:5)
  A centaur zombie (D:4)
  A hound (D:3)
  A jelly (D:5)
  An orc priest (D:6)
  2 centaur skeletons
  3 iguanas
  4 orc wizards
  Ijyb (D:3)
  2 hound zombies (D:5)
  A hound skeleton (D:4)
  A howler monkey skeleton (D:5)
  9 gnolls
  8 adders
  An adder skeleton (D:4)
  3 worms (D:2)
  3 dart slugs
  24 orcs
  8 endoplasms
  2 giant cockroaches
  19 goblins
  8 hobgoblins
  3 jackals (D:3)
  6 kobolds
  3 quokkas
  13 ball pythons
  6 bats
  6 frilled lizards
  5 rats
153 creatures vanquished.

Notes
Turn   | Place    | Note
-------+----------+-------------------------------------------
     0 | D:1      | raph the Minotaur Monk began the quest for the Orb.
     0 | D:1      | Reached XP level 1. HP: 19/19 MP: 0/0
    86 | D:1      | Reached skill level 4 in Long Blades
   123 | D:1      | Reached XP level 2. HP: 17/26 MP: 1/1
  1106 | D:2      | Reached skill level 5 in Long Blades
  1106 | D:2      | Reached XP level 3. HP: 30/31 MP: 2/2
  1528 | D:2      | Reached XP level 4. HP: 39/39 MP: 3/3
  1530 | D:2      | Reached skill level 6 in Long Blades
  1809 | D:2      | Found a radiant altar of Vehumet.
  2410 | D:3      | Found a glowing drain.
  2716 | D:3      | Found a burning altar of Makhleb.
  2723 | D:3      | Became a worshipper of Makhleb the Destroyer
  2723 | D:3      | Reached * piety under Makhleb
  2723 | D:3      | Reached ** piety under Makhleb
  2816 | D:3      | Reached XP level 5. HP: 46/46 MP: 4/4
  2844 | D:3      | Reached skill level 7 in Long Blades
  3060 | D:3      | Reached skill level 1 in Armour
  3176 | D:3      | Reached skill level 1 in Invocations
  4165 | D:3      | Reached XP level 6. HP: 49/52 MP: 5/5
  4194 | D:3      | Noticed Ijyb
  4213 | D:3      | Killed Ijyb
  4817 | D:4      | Found a glowing golden altar of the Shining One.
  5072 | D:4      | Found a shimmering altar of Xom.
  5090 | D:4      | Reached *** piety under Makhleb
  5425 | D:4      | Found Ronizibb's Antique Armour Emporium.
  5428 | D:4      | Bought an embroidered scarf for 160 gold pieces
  5506 | D:5      | Entered Level 5 of the Dungeon
  5507 | D:5      | Noticed a water moccasin
  5642 | D:5      | Found a staircase to the Ecumenical Temple.
  5683 | D:5      | Noticed a sky beast
  5721 | D:5      | HP: 2/53 [sky beast (5)]
  5725 | D:4      | Killed a sky beast
  5726 | D:4      | Reached skill level 8 in Long Blades
  5726 | D:4      | Reached XP level 7. HP: 4/60 MP: 7/7
  6901 | D:5      | Reached skill level 5 in Fighting
  7100 | D:5      | Found a hide-covered altar of Uskayaw.
  7174 | D:5      | Reached skill level 9 in Long Blades
  7174 | D:5      | Reached XP level 8. HP: 55/68 MP: 9/9
  7319 | D:5      | Reached skill level 5 in Dodging
  7385 | D:5      | Found the +1 Delatra's gloves {ID++}
  8415 | D:6      | Slain by an ogre

Illustrated notes

Levels and vault maps discovered:
D:1:      dpeg_arrival_tiny_h, layout_loops_cross
D:2:      layout_loops_cross, basic_altar, minmay_fractal_squares_5
D:3:      kennysheep_goblin_castle, layout_loops_corners, bloody_makhleb,
          cheibrodos_sewer_entry_drain, kennysheep_generic_room_13
D:4:      layout_basic, xom_butterflies, mainiacjoe_overflow_tiny_flanked,
          serial_shops, kennysheep_mini_moat, grunt_ministairs_13
D:5:      layout_cave_pods, mainiacjoe_overflow_concentric_impassable,
          minmay_temple_entry_junction, pf_guarded_unrand_delatra
D:6:      layout_gridville, nzn_hepliaklqana_mist_gate,
          mainiacjoe_overflow_alcove_4, serial_shops, nicolae_shop_statue_plus

Skill      XL: |  1  2  3  4  5  6  7  8 |
---------------+-------------------------+-----
Long Blades    | 4 5 6 7 8 9 |  9.4
Armour         | 1 2 3 4 |  4.0
Invocations    | 1 2 3 |  3.3
Fighting       | 4 5 |  5.5
Dodging        | 4 5 |  5.2
Slings         | |  0.7
Stealth        | |  1.5

Action                   |  1- 3 |  4- 6 |  7- 9 || total
-------------------------+-------+-------+-------++-------
Melee: Falchion          |    82 |   191 |   148 ||   421
       Headbutt          |    13 |    38 |    23 ||    74
       Punch             |     3 |     5 |     1 ||     9
 Fire: Hunting sling     |       |    31 |    55 ||    86
Invok: Minor Destruction |       |     4 |       ||     4
  Use: Scroll            |     1 |     6 |     2 ||     9
       Potion            |       |     1 |       ||     1
 Stab: Sleeping          |     2 |     1 |       ||     3
Armor: Robe              |     4 |       |       ||     4
       Ring mail         |     8 |    65 |    17 ||    90
       Plate armour      |       |       |    63 ||    63
Dodge: Dodged            |    42 |   113 |    61 ||   216
